 Dungeon Crawl Stone Soup version 0.26-a0-830-g2a559e7be2 (webtiles) character file.

Game seed: 8747083828107006173

256 Descartes the Conjurer (level 5, 0/28 HPs)
             Began as a Deep Elf Conjurer on Nov 14, 2020.
             Slain by a phantom (4 damage)
             ... on level 4 of the Dungeon on Nov 15, 2020.
             The game lasted 00:08:23 (3466 turns).

Descartes the Conjurer (Deep Elf Conjurer)          Turns: 3466, Time: 00:08:23

Health: 0/28       AC:  4    Str:  4    XL:     5   Next: 92%
Magic:  1/13       EV: 11    Int: 24    God:
Gold:   216        SH:  0    Dex: 13    Spells: 6/12 levels left

rFire    . . .     SeeInvis .   t - +2 dagger (elec)
rCold    . . .     Faith    .   (no shield)
rNeg     + . .     Spirit   .   s - +0 leather armour
rPois    .         Reflect  .   (no helmet)
rElec    .         Harm     .   (no cloak)
rCorr    .         Rampage  .   (no gloves)
MR       .....                  r - +0 pair of boots {Stlth+}
Stlth    +++.......             (no amulet)
HPRegen  0.09/turn              i - ring of positive energy
MPRegen  0.13/turn              (no ring)

@: no status effects
A: no striking features
a: no special abilities


You were on level 4 of the Dungeon.
You visited 1 branch of the dungeon, and saw 4 of its levels.

You collected 216 gold pieces.

Inventory:

Hand Weapons
 t - a +2 dagger of electrocution (weapon)
Missiles
 c - 71 arrows
 g - 109 stones (quivered)
 k - 3 javelins
 l - a throwing net
 m - 3 curare-tipped darts
 q - 22 poisoned darts
Armour
 r - a +0 pair of boots of stealth (worn)
 s - a +0 leather armour (worn)
Jewellery
 i - a ring of positive energy (left hand)
Wands
 v - a wand of iceblast (12)
Scrolls
 a - a scroll of identify {unknown}
 b - a scroll of noise {unknown}
 f - 3 scrolls of fog {unknown}
 h - 2 scrolls of blinking {unknown}
 o - 3 scrolls of teleportation {unknown}
 u - 2 scrolls of remove curse {unknown}
Potions
 d - a potion of cancellation {unknown}
 e - 5 potions of curing {unknown}
 j - a potion of heal wounds {unknown}
 n - a potion of might {unknown}
 p - 2 potions of degeneration {unknown}
 w - a potion of flight {unknown}


   Skills:
 + Level 0.1 Armour
 - Level 2.4 Dodging
 + Level 3.0 Stealth
 + Level 4.4 Spellcasting
 * Level 7.2 Conjurations


You had 6 spell levels left.
You knew the following spells:

 Your Spells              Type           Power        Failure   Level
a - Magic Dart            Conj           ####         1%          1
b - Searing Ray           Conj           #####.       1%          2
c - Dazzling Flash        Conj/Hex       ###...       12%         3

Your spell library contained the following spells:

 Spells                   Type           Power        Failure   Level
 Fulminant Prism          Conj/Hex       ###.......   36%         4
 Iskenderun's Mystic Bla  Conj/Tloc      ###.....     36%         4


Dungeon Overview and Level Annotations

Branches:
Dungeon (4/15)
 Temple: D:4-7

Altars:
Ashenzari
Cheibriados
Elyvilon
The Shining One

Shops:
D:4 =


Message History

Aiming: Magic Dart (safe; 1% risk of failure)
Press: ? - help, Shift-Dir - straight line, f/p - phantom
Aim: a phantom (severely damaged)
The magic dart hits the phantom.
The phantom is almost destroyed.
Unknown command.
Casting: Magic Dart (safe; 1% risk of failure)
Confirm with . or Enter, or press ? or * to list all spells.
You don't have enough magic to cast that spell.
Unknown command.
You are too injured to fight recklessly!
You are too injured to fight recklessly!
You closely miss the phantom.
The phantom is almost destroyed.
The phantom hits you!
* * * LOW HITPOINT WARNING * * *
You hit the phantom but do no damage.
The phantom is almost destroyed.
The phantom hits you.
You die...

#'######....##'######......o..#
................# #..###+#o##
................# #..# .#
................# ....# .#
................# .....# ..
.....####......รท#..#####. .#
.....# #.......#.. ..# .#
.....# #......W####....# .#
.....# #.######@.......# .....#
#......#........# .....#
#......#........# .....#
#......#........# .....#
########........# ######
##########


You could see a phantom.

Vanquished Creatures
  A phantom (D:3)
  A hound (D:3)
  A worker ant (D:4)
  3 gnolls (D:2)
  A worm (D:3)
  3 dart slugs
  3 leopard geckos
  An orc (D:3)
  2 ball pythons (D:3)
  5 giant cockroaches
  13 goblins
  8 hobgoblins
  2 jackals (D:1)
  2 quokkas
  2 bats
  7 frilled lizards
  10 kobolds
  8 rats
73 creatures vanquished.

Vanquished Creatures (others)
  5 plants (D:2)
5 creatures vanquished.

Grand Total: 78 creatures vanquished

Notes
Turn   | Place    | Note
-------+----------+-------------------------------------------
     0 | D:1      | Descartes the Deep Elf Conjurer began the quest for the
                  | Orb.
     0 | D:1      | Reached XP level 1. HP: 10/10 MP: 6/6
    56 | D:1      | Upgraded the game from 0.26-a0-812-g31a745ddcd to
                  | 0.26-a0-830-g2a559e7be2
   378 | D:1      | Reached XP level 2. HP: 15/15 MP: 2/8
   729 | D:1      | Reached skill level 5 in Conjurations
   882 | D:2      | Reached XP level 3. HP: 19/19 MP: 7/9
  1301 | D:2      | Reached XP level 4. HP: 24/24 MP: 9/11
  1475 | D:2      | Learned a level 2 spell: Searing Ray
  1479 | D:2      | Learned a level 3 spell: Dazzling Flash
  1635 | D:2      | Reached skill level 6 in Conjurations
  2218 | D:3      | Noticed a phantom
  2231 | D:3      | Killed a phantom
  2232 | D:3      | Reached skill level 7 in Conjurations
  2232 | D:3      | Reached XP level 5. HP: 28/28 MP: 1/13
  2350 | D:3      | Found a white marble altar of Elyvilon.
  2350 | D:3      | Found a glowing golden altar of the Shining One.
  2763 | D:3      | Found a snail-covered altar of Cheibriados.
  2949 | D:4      | Found Kirips's Jewellery Emporium.
  3317 | D:4      | Found a broken altar of Ashenzari.
  3434 | D:4      | Noticed a phantom
  3466 | D:4      | Slain by a phantom

Illustrated notes

Levels and vault maps discovered:
D:1:      minmay_arrival_nine_rooms, layout_basic
D:2:      layout_rooms, minmay_lizard_king
D:3:      layout_loops_cross, general_overflow_altar,
          gammafunk_temple_overflow_elements
D:4:      layout_gridville, grunt_gozag_statues,
          nicolae_qazlal_eye_of_the_storm, serial_shops,
          nicolae_shop_temple_entry_statues_fountains, ashenzari_altar_1,
          uniq_duvessa

Skill      XL: |  1  2  3  4  5 |
---------------+----------------+-----
Conjurations   | 5 7 |  7.2
Spellcasting   | 4 |  4.4
Stealth        | 3 |  3.0
Armour         | |  0.1
Dodging        | |  2.4

Action                   |  1- 3 |  4- 6 || total
-------------------------+-------+-------++-------
Melee: Dagger            |       |     4 ||     4
 Cast: Magic Dart        |    64 |   105 ||   169
Armor: Robe              |       |     1 ||     1
       Leather armour    |       |     2 ||     2
Dodge: Dodged            |     3 |    11 ||    14

Table legend: (Time is in decaauts)
 A = Elapsed time spent in this place.
 B = Non-inter-level travel time spent in this place.
 C = Inter-level travel time spent in this place.
 D = Time resting spent in this place.
 E = Time spent auto-exploring this place.
 F = Levels seen in this place.
 G = Mean time per level.
                   A        B        C        D        E       F      G
               +--------+--------+--------+--------+--------+-----+--------+
         Total |   3464 |   3351 |    113 |      0 |   2970 |   4 |  866.0 |
       Dungeon |   3464 |   3351 |    113 |      0 |   2970 |   4 |  866.0 |
               +--------+--------+--------+--------+--------+-----+--------+

Top non-repeatable levels by time:
     D:3: 1444 daAuts
     D:2: 979 daAuts
     D:1: 786 daAuts
     D:4: 254 daAuts
